 Dungeon Crawl Stone Soup version 0.17.0-57-g0e89251 (webtiles) character file.

5715 Miyamura the Skirmisher (level 10, -1/94 HPs)
             Began as a Black Draconian Earth Elementalist on Dec 8, 2015.
             Was a Believer of Vehumet.
             Killed from afar by a deep elf fighter (3 damage)
             ... with a puff of flame
             ... on level 10 of the Dungeon.
             The game lasted 00:58:53 (15846 turns).

Miyamura the Skirmisher (DrEE)                     Turns: 15846, Time: 00:58:53

Health: -1/94      AC: 11    Str: 10    XL:     10   Next: 48%
Magic:  10/20      EV: 14    Int: 19    God:    Vehumet [**....]
Gold:   512        SH:  0    Dex: 10    Spells: 3 memorised, 14 levels left

rFire  . . .     SeeInvis .     l - +2 whip (freeze)
rCold  . . .     Clarity  .     (armour unavailable)
rNeg   . . .     SustAt   .     (no shield)
rPois  +         Gourm    .     E - +2 hat
rElec  +         Spirit   .     m - +1 cloak
rCorr  .         Warding  .     (no gloves)
rMut   .         Rnd*Tele +     (no boots)
MR     .....                    (no amulet)
Stlth  ++........               i - ring of teleportation
                                e - ring of poison resistance

@: short of breath, very slightly contaminated, not resistant to hostile
enchantments, unstealthy
A: breathe lightning, unfitting armour, clumsy 1, robust 1, electricity
resistance, cold-blooded, AC +7
a: Breathe Lightning, Renounce Religion, Evoke Teleportation


You were on level 10 of the Dungeon.
You worshipped Vehumet.
Vehumet was pleased with you.
You were not hungry.

You visited 2 branches of the dungeon, and saw 12 of its levels.

You collected 512 gold pieces.

Inventory:

Hand Weapons
 l - a +2 whip of freezing (weapon)
 u - the +5 hunting sling of Lomp {velocity, Str+2}
   (You found it on level 5 of the Dungeon)

   Any stone fired from it inflicts extra damage.
   It affects your strength (+2).
 R - a +1 dagger of protection
Missiles
 a - 238 stones (quivered)
Armour
 m - a +1 cloak (worn)
 s - a +0 buckler
 E - a +2 hat (worn)
Jewellery
 e - a ring of poison resistance (left hand)
 g - an uncursed ring of protection from fire
 i - a ring of teleportation (right hand)
 y - the ring "Zoiha" {rN+ MP+9 Stlth+}
   (You found it on level 7 of the Dungeon)

   [ring of positive energy]

   It protects you from negative energy.
   It affects your magic capacity (+9).
   It makes you more stealthy.
 H - an uncursed ring of wizardry
Wands
 r - a wand of flame (16)
 t - a wand of draining (0)
 x - a wand of digging (4)
 I - a wand of frost (24)
 P - a wand of enslavement (11)
Scrolls
 o - 3 scrolls of remove curse
 v - a scroll of enchant weapon
 A - 3 scrolls of enchant armour
 B - 5 scrolls of identify
 Q - a scroll of blinking
Potions
 j - a potion of magic
 k - a potion of cancellation
 n - a potion of brilliance
 N - a potion of flight
Books
 b - a book of Geomancy

   Spells                             Type                      Level
   a - Sandblast                      Earth                        1
   b - Stoneskin                      Transmutation/Earth          2
   c - Passwall                       Transmutation/Earth          3
   d - Stone Arrow                    Conjuration/Earth            3
   e - Petrify                        Transmutation/Earth          4
   f - Lee's Rapid Deconstruction     Earth                        5
 K - a book of the Tempests

   Spells                             Type                      Level
   a - Static Discharge               Conjuration/Air              3
   b - Lightning Bolt                 Conjuration/Air              5
   c - Fireball                       Conjuration/Fire             5
   d - Tornado                        Air                          9
   e - Shatter                        Earth                        9
 M - a book of the Sky

   Spells                             Type                      Level
   a - Summon Lightning Spire         Summoning/Air                4
   b - Airstrike                      Air                          4
   c - Silence                        Hexes/Air                    5
   d - Deflect Missiles               Charms/Air                   6
   e - Conjure Ball Lightning         Conjuration/Air              6
   f - Tornado                        Air                          9
Comestibles
 c - 5 bread rations
 p - 4 fruits
 q - 3 meat rations


   Skills:
 + Level 7.5 Fighting
 + Level 6.6 Dodging
 - Level 4.0 Stealth
 + Level 6.9 Spellcasting
 + Level 5.6 Conjurations
 - Level 1.0 Transmutations
 + Level 3.3 Air Magic
 - Level 4.0 Earth Magic
 - Level 5.0 Evocations


You had 14 spell levels left.
You knew the following spells:

 Your Spells              Type           Power        Failure   Level  Hunger
a - Stone Arrow           Conj/Erth      ####..       4%          3    #......
d - Static Discharge      Conj/Air       ###.....     6%          3    #......
s - Stoneskin             Trmt/Erth      ###.....     8%          2    None


Dungeon Overview and Level Annotations

Branches:
Dungeon (11/15)            Temple (1/1) D:6            Lair (0/8) D:10
    Orc: D:9-12

Altars:
Ashenzari
Cheibriados
Dithmenos
Elyvilon
Fedhas
Gozag
Kikubaaqudgha
Makhleb
Nemelex Xobeh
Okawaru
Qazlal
Ru
Sif Muna
Trog
Vehumet
Xom
Yredelemnul
Zin
The Shining One

Shops:
D:4 :   D:6 %

Portals:
Bailey: D:10

Annotations:
D:6 Nicoed's ghost, novice FoFi


Innate Abilities, Weirdness & Mutations

You can breathe wild blasts of lightning.
Your glossy black scales are hard (AC +7).
Your body does not fit into most forms of armour.
You are resistant to electric shocks.
You are cold-blooded and may be slowed by cold attacks.
You are clumsy. (Dex -2)
You are robust (+10% HP).


Message History

Press: ? - help, Shift-Dir - straight line Evoking this partially-identified wand wasted a few charges.
Something hits you.
* * * LOW HITPOINT WARNING * * *
Evoke which item? (* to show all) (? for menu, Esc to quit)
Zapping:
I - a wand of frost {zapped: 6} (will waste charges)
Press: ? - help, Shift-Dir - straight line Evoking this partially-identified wand wasted a few charges.
Something hits you.
* * * LOW HITPOINT WARNING * * *
Read which item? (? for menu, Esc to quit)
Blink to where?
Press: ? - help, Dir - move target cursor You can't blink into that!
Blink to where?
Press: ? - help, Dir - move target cursor
As you read the scroll of blinking, it crumbles to dust.
A puff of flame appears from out of thin air!
The puff of flame hits you!
You die...

#.# #{#
#ยง# #[#
#.# #.#
#.#
#.####.#
#.@...#
######.#


There were no monsters in sight!

Vanquished Creatures
  A tengu warrior (D:10)
  Pikel (D:7)
  A two-headed ogre (D:10)
  3 yaks (D:10)
  A water moccasin (D:9)
  A black bear (D:7)
  2 orc warriors
  3 sky beasts
  A phantom (D:6)
  3 slaves
  2 ice beasts
  5 centaurs
  2 wasps
  A big kobold (D:8)
  2 ogres
  2 giant frogs
  10 killer bees
  A wyvern skeleton (D:6)
  5 scorpions
  2 centaur zombies (D:5)
  A quasit (D:6)
  3 crimson imps
  2 hounds
  A jelly (D:8)
  7 orc wizards
  An iguana (D:6)
  6 orc priests
  10 worker ants
  A killer bee zombie (D:8)
  A hound skeleton (D:4)
  3 gnolls (D:3)
  A shadow imp (D:6)
  10 adders
  An ooze (D:4)
  An adder skeleton (D:7)
  An adder zombie (D:9)
  5 worms
  11 giant geckos
  40 orcs
  2 ball pythons
  7 giant cockroaches
  8 goblins
  7 hobgoblins
  6 jackals
  2 quokkas
  A ball python skeleton (D:5)
  18 bats
  11 giant newts
  12 kobolds
  10 rats
  2 fungi (D:10)
241 creatures vanquished.

Vanquished Creatures (collateral kills)
  A hippogriff (D:10)
1 creature vanquished.

Vanquished Creatures (others)
  A hungry ghost (D:8)
  A slave (D:8)
  An adder (D:8)
  2 orcs (D:8)
  2 fungi (D:10)
  4 plants (D:10)
11 creatures vanquished.

Grand Total: 253 creatures vanquished

Notes
Turn   | Place    | Note
--------------------------------------------------------------
     0 | D:1      | Miyamura the Draconian Earth Elementalist began the quest for the Orb.
     0 | D:1      | Reached XP level 1. HP: 14/14 MP: 3/3
   465 | D:1      | Reached XP level 2. HP: 17/22 MP: 5/5
   801 | D:1      | Learned a level 2 spell: Stoneskin
  1197 | D:1      | Reached XP level 3. HP: 27/27 MP: 6/6
  2046 | D:2      | Reached XP level 4. HP: 31/34 MP: 1/8
  2369 | D:2      | Learned a level 3 spell: Stone Arrow
  2457 | D:2      | Reached skill level 1 in Fighting
  2572 | D:2      | Found a deep blue altar of Sif Muna.
  4102 | D:3      | Reached XP level 5. HP: 40/40 MP: 5/9
  5407 | D:4      | Found a sparkling altar of Nemelex Xobeh.
  6047 | D:4      | Reached XP level 6. HP: 47/50 MP: 10/10
  6285 | D:4      | Reached skill level 4 in Earth Magic
  6614 | D:4      | Found Ibet's Book Boutique.
  7254 | D:5      | Entered Level 5 of the Dungeon
  7468 | D:5      | Your scales start taking on a glossy black colour.
  7468 | D:5      | Gained mutation: You are resistant to electric shocks. [Black Draconian growth]
  7468 | D:5      | Reached XP level 7. HP: 54/57 MP: 9/12
  7931 | D:5      | Reached skill level 4 in Spellcasting
  7935 | D:5      | Gained mutation: Your natural rate of healing is unusually fast. [mutagenic meat]
  8188 | D:5      | Found a shattered altar of Ashenzari.
  8197 | D:5      | Got a sapphire hunting sling
  8198 | D:5      | Identified the +5 hunting sling of Lomp {velocity, Str+2} (You found it on level 5 of the Dungeon)
  8597 | D:5      | Reached skill level 1 in Evocations
  8916 | D:5      | Found a bloodstained altar of Trog.
  8928 | D:5      | Reached skill level 1 in Conjurations
  8928 | D:5      | Reached XP level 8. HP: 66/66 MP: 1/14
  9054 | D:5      | Found a snail-covered altar of Cheibriados.
  9532 | D:6      | Found a blossoming altar of Fedhas.
  9700 | D:6      | Found Nara's Food Boutique.
 10360 | D:6      | Noticed Nicoed's ghost (novice FoFi)
 10508 | D:6      | Reached skill level 5 in Spellcasting
 10731 | D:6      | Found a staircase to the Ecumenical Temple.
 10737 | Temple   | Entered the Ecumenical Temple
 10985 | D:6      | Reached skill level 5 in Fighting
 11631 | D:7      | Reached skill level 5 in Dodging
 11631 | D:7      | Reached XP level 9. HP: 74/74 MP: 0/17
 12044 | D:7      | Found a radiant altar of Vehumet.
 12078 | D:7      | Became a worshipper of Vehumet
 12146 | D:7      | Got a steaming platinum ring
 12172 | D:7      | Identified the ring "Zoiha" {rN+ MP+9 Stlth+} (You found it on level 7 of the Dungeon)
 12380 | D:8      | Noticed Pikel
 12917 | D:7      | Killed Pikel
 12917 | D:7      | Reached skill level 6 in Fighting
 13247 | D:8      | Learned a level 3 spell: Static Discharge
 13741 | D:8      | Reached * piety under Vehumet
 13741 | D:8      | Offered knowledge of Sting by Vehumet.
 14545 | D:9      | Reached skill level 5 in Evocations
 15158 | D:9      | Reached XP level 10. HP: 82/84 MP: 9/19
 15271 | D:10     | Entered Level 10 of the Dungeon
 15482 | D:10     | Noticed a tengu warrior
 15539 | D:10     | Found a staircase to the Lair.
 15579 | D:10     | Reached skill level 5 in Conjurations
 15579 | D:10     | Reached skill level 7 in Fighting
 15580 | D:10     | Reached skill level 1 in Air Magic
 15582 | D:10     | Found a flagged portal.
 15749 | D:10     | Killed a tengu warrior
 15765 | D:10     | Gained mutation: You are clumsy. (Dex -2) [potion of mutation]
 15765 | D:10     | Gained mutation: You are robust (+10% HP). [potion of mutation]
 15767 | D:10     | Lost mutation: Your natural rate of healing is unusually fast. [potion of cure mutation]
 15794 | D:10     | Offered knowledge of Freeze by Vehumet.
 15824 | D:10     | Reached ** piety under Vehumet
 15845 | D:10     | HP: 2/94 [something (5)]
 15846 | D:10     | Killed from afar by a deep elf fighter

Action                   |  1- 3 |  4- 6 |  7- 9 | 10-12 || total
-------------------------+-------+-------+-------+-------++-------
Melee: Unarmed           |   241 |   168 |       |       ||   409
       Spear             |       |   169 |    38 |       ||   207
       Dagger            |       |       |   328 |       ||   328
       Whip              |       |       |   124 |    65 ||   189
 Cast: Sandblast         |    59 |    30 |     4 |       ||    93
       Stoneskin         |     7 |    19 |    10 |       ||    36
       Stone Arrow       |       |    44 |   124 |     2 ||   170
       Static Discharge  |       |       |     4 |    10 ||    14
 Abil: Breathe Lightning |       |       |    22 |     6 ||    28
       Evoke Teleportati |       |       |     1 |     6 ||     7
Evoke: Wand              |       |       |       |    10 ||    10
  Use: Scroll            |     4 |     7 |    12 |     5 ||    28
       Potion            |       |       |     1 |    10 ||    11
 Stab: Sleeping          |       |     5 |     2 |       ||     7
       Distracted        |       |     1 |     1 |       ||     2
  Eat: Chunk             |     5 |    21 |    30 |       ||    56
       Beef jerky        |       |     1 |     3 |       ||     4
       Fruit             |       |       |     2 |     1 ||     3
       Meat ration       |       |       |     1 |     1 ||     2
       Pizza             |       |       |     1 |       ||     1
